APP
PULASKI YANKEES @ OREM OWLZ
05/30/2046
 
TOP OF THE 1ST
Pulaski Yankees batting - Pitching for Orem Owlz : LHP Aqissiaq Storch
Pitching: LHP Aqissiaq Storch
Batting: RHB Jonathan Iniguez 0-0: Foul Ball, location: 2F
0-1: Bunted foul
0-2: Ball
1-2: Ball
2-2: Ball
3-2: Base on Balls
Batting: RHB Gonçalo Burhil 0-0: Reached on error, E5 (Groundball, 56, EV 100.6 MPH)
Jonathan Iniguez to second
Batting: SHB Corey Penson 0-0: Ball
1-0: Ball
2-0: Ball
3-0: Called Strike
3-1: Called Strike
3-2: Base on Balls
Jonathan Iniguez to third
Gonçalo Burhil to second
Batting: LHB Steve LeGrand 0-0: Foul Ball, location: 2F
0-1: Ball
1-1: Fly out, F7 (Flyball, 7LS, EV 90.6 MPH)
Batting: RHB David Durr 0-0: Ball
1-0: Called Strike
1-1: Foul Ball, location: 2F
1-2: Strikes out swinging
Batting: LHB Jared Zulkowski 0-0: Called Strike
0-1: Ball
1-1: Ball
2-1: Foul Ball, location: 2F
2-2: Foul Ball, location: 2F
2-2: Strikes out looking
Top of the 1st over - 0 runs, 0 hits, 1 error, 3 left on base; Pulaski 0 - Orem 0
BOTTOM OF THE 1ST
Orem Owlz batting - Pitching for Pulaski Yankees : RHP Ben Cunningham
Pitching: RHP Ben Cunningham
Batting: RHB Josh Faulconer 0-0: Ball
1-0: Ball
2-0: Called Strike
2-1: Called Strike
2-2: Ball
3-2: Reached on error, E6 (Groundball, 6S, EV 84.4 MPH)
Batting: RHB Nick Lombardo 0-0: Called Strike
Josh Faulconer is caught stealing 2nd base 2-4
0-1: Foul Ball, location: 2F
0-2: Ball
1-2: Strikes out swinging
Batting: LHB Matthew Bale 0-0: Foul Ball, location: 2F
0-1: Ball
1-1: Ball
2-1: Called Strike
2-2: Foul Ball, location: 2F
2-2: Foul Ball, location: 2F
2-2: Strikes out swinging
Bottom of the 1st over - 0 runs, 0 hits, 1 error, 0 left on base; Pulaski 0 - Orem 0
TOP OF THE 2ND
Pulaski Yankees batting - Pitching for Orem Owlz : LHP Aqissiaq Storch
Batting: LHB Sergio Huerta 0-0: Ball
1-0: Foul Ball, location: 2F
1-1: Swinging Strike
1-2: Foul Ball, location: 2F
1-2: Foul Ball, location: 2F
1-2: Strikes out swinging
Batting: LHB Matt Cusatis 0-0: Foul Ball, location: 2F
0-1: Foul Ball, location: 2F
0-2: Strikes out looking
Batting: LHB Loo Lei 0-0: Called Strike
0-1: Ball
1-1: Foul Ball, location: 2F
1-2: Strikes out swinging
Top of the 2nd over - 0 runs, 0 hits, 0 errors, 0 left on base; Pulaski 0 - Orem 0
BOTTOM OF THE 2ND
Orem Owlz batting - Pitching for Pulaski Yankees : RHP Ben Cunningham
Batting: RHB Peter Westover 0-0: Swinging Strike
0-1: Ball
1-1: SINGLE (Groundball, 56D, EV 106.9 MPH)
Batting: LHB Alberto Carrillo 0-0: Called Strike
0-1: Called Strike
0-2: DOUBLE (Line Drive, 89XD, EV 108.8 MPH)
Peter Westover to third
Batting: RHB Danny Guevara 0-0: Ball
Passed Ball!
Peter Westover scores
Alberto Carrillo to third
1-0: Ground out 5-3 (Groundball, 56, EV 106.9 MPH)
Alberto Carrillo scores
Batting: RHB Sean Rocha 0-0: SINGLE (Groundball, 56S, EV 68.1 MPH) (infield hit)
Batting: RHB Trevor Kingston 0-0: Called Strike
0-1: Ball
1-1: Called Strike
1-2: Ball
Wild Pitch!
Sean Rocha to second
2-2: Fly out, F8 (Line Drive, 8LS, EV 92.5 MPH)
Batting: RHB Jayden Bain 0-0: Called Strike
0-1: Called Strike
0-2: Ball
1-2: Foul Ball, location: 2F
1-2: Ball
2-2: Foul Ball, location: 2F
2-2: Ball
3-2: Base on Balls
Batting: RHB Josh Faulconer 0-0: Called Strike
0-1: Ball
Passed Ball!
Sean Rocha to third
Jayden Bain to second
1-1: Ball
2-1: Foul Ball, location: 2F
2-2: Foul Ball, location: 2F
2-2: Ball
3-2: Base on Balls
Batting: RHB Nick Lombardo 0-0: Called Strike
0-1: Foul Ball, location: 2F
0-2: Ball
Wild Pitch!
Sean Rocha scores
Jayden Bain to third
Josh Faulconer to second
1-2: Ball
2-2: SINGLE (Groundball, 4MD, EV 105.6 MPH)
Jayden Bain scores
Josh Faulconer to third
Throwing error, E8
Josh Faulconer scores
Nick Lombardo to second
Pitching: RHP Jon Campbell
Batting: LHB Matthew Bale 0-0: Called Strike
0-1: Ball
1-1: 2-RUN HOME RUN (Line Drive, 9D, EV 95.0 MPH), Distance : 382 ft
Batting: RHB Peter Westover 0-0: Fly out, F8 (Flyball, 78S, EV 95.0 MPH)
Bottom of the 2nd over - 7 runs, 5 hits, 1 error, 0 left on base; Pulaski 0 - Orem 7
TOP OF THE 3RD
Pulaski Yankees batting - Pitching for Orem Owlz : LHP Aqissiaq Storch
Batting: RHB Jonathan Iniguez 0-0: Ball
1-0: SINGLE (Groundball, 56D, EV 105.6 MPH)
Batting: RHB Gonçalo Burhil 0-0: Called Strike
0-1: Called Strike
Jonathan Iniguez steals 2nd base
0-2: Ground out 5-3 (Groundball, 56, EV 107.5 MPH)
Batting: SHB Corey Penson 0-0: Ball
Jonathan Iniguez steals 3rd base
1-0: Fly out, F9 (Line Drive, 89M, EV 100.0 MPH)
Batting: LHB Steve LeGrand 0-0: Ball
1-0: Fly out, F9 (Flyball, 89XD, EV 84.4 MPH)
Top of the 3rd over - 0 runs, 1 hit, 0 errors, 1 left on base; Pulaski 0 - Orem 7
BOTTOM OF THE 3RD
Orem Owlz batting - Pitching for Pulaski Yankees : RHP Jon Campbell
Batting: LHB Alberto Carrillo 0-0: Ball
1-0: Ball
2-0: Called Strike
2-1: Ball
3-1: Base on Balls
Batting: RHB Danny Guevara 0-0: Foul Ball, location: 2F
0-1: Foul Ball, location: 2F
0-2: Ball
1-2: Ball
Passed Ball!
Alberto Carrillo to second
2-2: Ground out 5-3 (Groundball, 56S, EV 81.9 MPH)
Batting: RHB Sean Rocha 0-0: Called Strike
0-1: Called Strike
0-2: Ball
1-2: Ball
Wild Pitch!
Alberto Carrillo to third
2-2: 2-RUN HOME RUN (Flyball, 78XD, EV 108.8 MPH), Distance : 432 ft
Batting: RHB Trevor Kingston 0-0: Ball
1-0: Ball
2-0: Ball
3-0: Base on Balls
Batting: RHB Jayden Bain 0-0: Foul Ball, location: 2F
0-1: Swinging Strike
Passed Ball!
Trevor Kingston to second
0-2: Foul Ball, location: 2F
0-2: Ball
1-2: 2-RUN HOME RUN (Flyball, 78XD, EV 100.0 MPH), Distance : 421 ft
Pitching: LHP Jessie Neal
Batting: RHB Josh Faulconer 0-0: Ball
1-0: Ball
2-0: Called Strike
2-1: Ball
3-1: Called Strike
3-2: Ground out 5-3 (Groundball, 56, EV 105.6 MPH)
Batting: RHB Nick Lombardo 0-0: Called Strike
0-1: Foul Ball, location: 2F
0-2: Foul Ball, location: 2F
0-2: Ball
1-2: Ball
2-2: Foul Ball, location: 2F
2-2: Strikes out swinging
Bottom of the 3rd over - 4 runs, 2 hits, 0 errors, 0 left on base; Pulaski 0 - Orem 11
TOP OF THE 4TH
Pulaski Yankees batting - Pitching for Orem Owlz : LHP Aqissiaq Storch
Batting: RHB David Durr 0-0: Ball
1-0: Called Strike
1-1: Ball
2-1: Ground out 6-3 (Groundball, 6, EV 104.4 MPH)
Batting: LHB Jared Zulkowski 0-0: Called Strike
0-1: Ball
1-1: Ball
2-1: Foul Ball, location: 2F
2-2: Strikes out swinging
Batting: LHB Sergio Huerta 0-0: Called Strike
0-1: Ball
1-1: Foul Ball, location: 2F
1-2: Foul Ball, location: 2F
1-2: Ball
2-2: Strikes out swinging, 2-3 out at first.
Top of the 4th over - 0 runs, 0 hits, 0 errors, 0 left on base; Pulaski 0 - Orem 11
BOTTOM OF THE 4TH
Orem Owlz batting - Pitching for Pulaski Yankees : LHP Jessie Neal
Batting: LHB Matthew Bale 0-0: Ball
1-0: Called Strike
1-1: Ground out U3 (Groundball, 3, EV 104.4 MPH)
Batting: RHB Peter Westover 0-0: Foul Ball, location: 2F
0-1: Called Strike
0-2: Foul Ball, location: 2F
0-2: Strikes out swinging
Pitching: LHP Dustin Shaw
Batting: LHB Alberto Carrillo 0-0: SINGLE (Flyball, 56D, EV 84.4 MPH)
Batting: RHB Danny Guevara 0-0: Fielders Choice at 2nd, 5-4 (Groundball, 5, EV 87.5 MPH)
Bottom of the 4th over - 0 runs, 1 hit, 0 errors, 1 left on base; Pulaski 0 - Orem 11
TOP OF THE 5TH
Pulaski Yankees batting - Pitching for Orem Owlz : LHP Aqissiaq Storch
Batting: LHB Matt Cusatis 0-0: Ball
1-0: Ball
2-0: Called Strike
2-1: Foul Ball, location: 2F
2-2: Ball
3-2: Base on Balls
Batting: LHB Loo Lei 0-0: Bunt missed!
0-1: Bunted foul
0-2: Bunt missed, Strikeout!
Batting: RHB Jonathan Iniguez 0-0: Fly out, F7 (Flyball, 78D, EV 90.0 MPH)
Batting: RHB Gonçalo Burhil 0-0: Swinging Strike
0-1: Ball
1-1: Swinging Strike
1-2: Foul Ball, location: 2F
1-2: 2-RUN HOME RUN (Flyball, 7D, EV 106.9 MPH), Distance : 382 ft
Batting: SHB Corey Penson 0-0: Ball
1-0: SINGLE (Groundball, 6D, EV 100.0 MPH)
Pitching: RHP Victor Padilla
Batting: LHB Steve LeGrand 0-0: Ground out 4-3 (Groundball, 4, EV 90.6 MPH)
Top of the 5th over - 2 runs, 2 hits, 0 errors, 1 left on base; Pulaski 2 - Orem 11
BOTTOM OF THE 5TH
Orem Owlz batting - Pitching for Pulaski Yankees : LHP Dustin Shaw
Batting: RHB Sean Rocha 0-0: Ball
1-0: Ground out 6-3 (Groundball, 6, EV 83.8 MPH)
Batting: RHB Trevor Kingston 0-0: Called Strike
0-1: Ball
1-1: Called Strike
1-2: Foul Ball, location: 2F
1-2: Foul Ball, location: 2F
1-2: Ball
2-2: Strikes out swinging
Batting: RHB Jayden Bain 0-0: Called Strike
0-1: Ball
1-1: SINGLE (Groundball, 4MD, EV 101.2 MPH)
Batting: RHB Josh Faulconer 0-0: Called Strike
0-1: Ball
Wild Pitch!
Jayden Bain to second
1-1: Foul Ball, location: 2F
1-2: Ball
Passed Ball!
Jayden Bain to third
2-2: DOUBLE (Flyball, 89D, EV 91.9 MPH)
Jayden Bain scores
Pitching: RHP Eric Patrick
Batting: RHB Nick Lombardo 0-0: Foul Ball, location: 2F
0-1: Called Strike
0-2: Ball
1-2: Ball
2-2: Ground out 6-3 (Groundball, 6, EV 87.5 MPH)
Bottom of the 5th over - 1 run, 2 hits, 0 errors, 1 left on base; Pulaski 2 - Orem 12
TOP OF THE 6TH
Pulaski Yankees batting - Pitching for Orem Owlz : RHP Victor Padilla
Batting: RHB David Durr 0-0: Called Strike
0-1: Foul Ball, location: 2F
0-2: Ball
1-2: Strikes out swinging
Batting: LHB Jared Zulkowski 0-0: Ball
1-0: Foul Ball, location: 2F
1-1: Ground out 4-3 (Groundball, 4, EV 80.6 MPH)
Batting: LHB Sergio Huerta 0-0: Called Strike
0-1: Called Strike
0-2: Strikes out swinging
Top of the 6th over - 0 runs, 0 hits, 0 errors, 0 left on base; Pulaski 2 - Orem 12
BOTTOM OF THE 6TH
Orem Owlz batting - Pitching for Pulaski Yankees : RHP Eric Patrick
Batting: LHB Matthew Bale 0-0: Ball
1-0: Swinging Strike
1-1: Ball
2-1: SOLO HOME RUN (Flyball, 89XD, EV 115.0 MPH), Distance : 429 ft
Batting: RHB Peter Westover 0-0: Called Strike
0-1: Ball
1-1: Ball
2-1: Foul Ball, location: 2F
2-2: Foul Ball, location: 2F
2-2: Foul Ball, location: 2F
2-2: Strikes out looking
Batting: LHB Alberto Carrillo 0-0: Called Strike
0-1: Foul Ball, location: 2F
0-2: Foul Ball, location: 2F
0-2: Strikes out swinging
Pitching: LHP Alex Ramirez
Batting: RHB Danny Guevara 0-0: Ball
1-0: SINGLE (Groundball, 56D, EV 103.8 MPH)
Batting: RHB Sean Rocha 0-0: Foul Ball, location: 2F
0-1: Swinging Strike
Passed Ball!
Danny Guevara to second
0-2: Ball
1-2: Foul Ball, location: 2F
1-2: Ball
2-2: Ball
3-2: Strikes out swinging
Bottom of the 6th over - 1 run, 2 hits, 0 errors, 1 left on base; Pulaski 2 - Orem 13
TOP OF THE 7TH
Pulaski Yankees batting - Pitching for Orem Owlz : RHP Victor Padilla
Batting: LHB Matt Cusatis 0-0: Swinging Strike
0-1: Ball
1-1: Ball
2-1: Ball
3-1: Foul Ball, location: 2F
3-2: Strikes out swinging
Batting: LHB Loo Lei 0-0: Foul Ball, location: 2F
0-1: Ball
1-1: Called Strike
1-2: Ball
2-2: Strikes out looking
Batting: RHB Jonathan Iniguez 0-0: Ball
1-0: Foul Ball, location: 2F
1-1: Ball
2-1: Foul Ball, location: 2F
2-2: Hit by Pitch
Batting: RHB Gonçalo Burhil 0-0: Ball
Jonathan Iniguez steals 2nd base (no throw)
1-0: Called Strike
1-1: Ball
2-1: Fly out, F7 (Flyball, 78S, EV 91.9 MPH)
Top of the 7th over - 0 runs, 0 hits, 0 errors, 1 left on base; Pulaski 2 - Orem 13
BOTTOM OF THE 7TH
Orem Owlz batting - Pitching for Pulaski Yankees : LHP Alex Ramirez
Batting: RHB Trevor Kingston 0-0: Ground out 6-3 (Groundball, 6, EV 81.9 MPH)
Batting: RHB Jayden Bain 0-0: Swinging Strike
0-1: Swinging Strike
0-2: Strikes out swinging
Batting: RHB Josh Faulconer 0-0: Ball
1-0: Called Strike
1-1: Swinging Strike
1-2: Ball
2-2: SINGLE (Flyball, 89S, EV 91.9 MPH)
Batting: RHB Nick Lombardo 0-0: Swinging Strike
0-1: Swinging Strike
Passed Ball!
Josh Faulconer to second
0-2: Strikes out swinging
Bottom of the 7th over - 0 runs, 1 hit, 0 errors, 1 left on base; Pulaski 2 - Orem 13
TOP OF THE 8TH
Pulaski Yankees batting - Pitching for Orem Owlz : RHP Victor Padilla
Batting: SHB Corey Penson 0-0: Called Strike
0-1: Ball
1-1: Fly out, F8 (Flyball, 8LD, EV 98.8 MPH)
Pitching: RHP Dean Aspden
Batting: LHB Steve LeGrand 0-0: Called Strike
0-1: Swinging Strike
0-2: Ball
1-2: Ball
2-2: TRIPLE (Line Drive, 89XD, EV 105.0 MPH)
Batting: RHB David Durr 0-0: Called Strike
0-1: Ground out 5-3 (Groundball, 56, EV 80.6 MPH)
Steve LeGrand scores
Batting: LHB Jared Zulkowski 0-0: Called Strike
0-1: Ball
1-1: Called Strike
1-2: Ball
2-2: Ground out U3 (Groundball, 3L, EV 96.9 MPH)
Top of the 8th over - 1 run, 1 hit, 0 errors, 0 left on base; Pulaski 3 - Orem 13
BOTTOM OF THE 8TH
Orem Owlz batting - Pitching for Pulaski Yankees : LHP Alex Ramirez
Batting: LHB Matthew Bale 0-0: Reached on error, E3 (Groundball, 34, EV 84.4 MPH)
Batting: RHB Peter Westover 0-0: Ball
Passed Ball!
Matthew Bale to second
1-0: Ball
2-0: SINGLE (Groundball, 25, EV 73.1 MPH) (infield hit)
Matthew Bale to third
Batting: LHB Alberto Carrillo 0-0: Ball
Passed Ball!
Matthew Bale scores
Peter Westover to second
1-0: 2-RUN HOME RUN (Flyball, 89XD, EV 101.2 MPH), Distance : 407 ft
Batting: RHB Danny Guevara 0-0: Ball
1-0: Ball
2-0: SINGLE (Groundball, 4MD, EV 96.2 MPH)
Batting: RHB Sean Rocha 0-0: Called Strike
0-1: Foul Ball, location: 2F
0-2: Ball
Passed Ball!
Danny Guevara to second
1-2: TRIPLE (Flyball, 9D, EV 104.4 MPH)
Danny Guevara scores
Batting: RHB Trevor Kingston 0-0: Foul Ball, location: 2F
0-1: Called Strike
0-2: Ball
1-2: Foul Ball, location: 2F
1-2: Foul Ball, location: 2F
1-2: Strikes out swinging
Batting: RHB Jayden Bain 0-0: Ball
Passed Ball!
Sean Rocha scores
1-0: Ball
2-0: Ball
3-0: Base on Balls
Batting: RHB Josh Faulconer 0-0: Ball
1-0: Ball
2-0: Ball
3-0: Base on Balls
Jayden Bain to second
Batting: RHB Nick Lombardo 0-0: SINGLE (Groundball, 5D, EV 103.8 MPH)
Jayden Bain to third
Josh Faulconer to second
Runner from 3rd tries for Home, SAFE, throw by LF to home
Batting: LHB Matthew Bale 0-0: Called Strike
0-1: Called Strike
0-2: Ball
1-2: Ball
2-2: Ball
Passed Ball!
Josh Faulconer to third
Nick Lombardo to second
3-2: Strikes out looking
Batting: RHB Peter Westover 0-0: Foul Ball, location: 2F
0-1: Fly out, F8 (Flyball, 8LD, EV 86.9 MPH)
Bottom of the 8th over - 6 runs, 5 hits, 1 error, 2 left on base; Pulaski 3 - Orem 19
TOP OF THE 9TH
Pulaski Yankees batting - Pitching for Orem Owlz : RHP Dean Aspden
Batting: LHB Sergio Huerta 0-0: Called Strike
0-1: Ball
1-1: Ground out 4-3 (Groundball, 4, EV 84.4 MPH)
Batting: LHB Matt Cusatis 0-0: Foul Ball, location: 2F
0-1: Ball
1-1: Ball
2-1: Foul Ball, location: 2F
2-2: Ground out 4-3 (Groundball, 4, EV 77.5 MPH)
Batting: LHB Loo Lei 0-0: Called Strike
0-1: Called Strike
0-2: Ball
1-2: Strikes out looking
Top of the 9th over - 0 runs, 0 hits, 0 errors, 0 left on base; Pulaski 3 - Orem 19
Tuesday, September 13th , 2022 - OOTP Baseball 23.7 Build 88